 Dungeon Crawl Stone Soup version 0.31-a0-236-g9a0961fb85 (webtiles) character file.

Game seed: 6502284930697966689

49 qw the Shooter (level 3, -1/29 HPs)
             Began as a Minotaur Hexslinger on July 10, 2023.
             Slain by a cerulean imp
             ... wielding a +2 spear
             ... summoned by Natasha
              (5 damage)
             ... on level 2 of the Dungeon.
             The game lasted 00:00:29 (1283 turns).

qw the Shooter (Minotaur Hexslinger)                Turns: 1283, Time: 00:00:30

Health: -1/29      AC:  6    Str: 12    XL:     3   Next: 53%
Magic:  3/3        EV: 11    Int: 10    God:
Gold:   28         SH:  0    Dex: 14    Spells: 3/4 levels left

rFire   . . .        Y - +1 sling
rCold   . . .        (no shield)
rNeg    . . .        h - +0 ring mail
rPois   .            (helmet restricted)
rElec   .            (no cloak)
rCorr   +            (no gloves)
SInv    .            i - +0 pair of boots
Will    .....        (no amulet)
Stlth   +            d - ring of resist corrosion
HPRegen 0.24/turn    (no ring)
MPRegen 0.08/turn

%: no passive effects
@: about to teleport, slowed, very slow
A: horns 2, retaliatory headbutt
a: no special abilities


You were on level 2 of the Dungeon.
You visited 1 branch of the dungeon, and saw 2 of its levels.

You collected 28 gold pieces.


Innate Abilities, Weirdness & Mutations

You have a pair of horns on your head.
You reflexively headbutt those who attack you in melee.


   Skills:
 - Level 2.0 Fighting
 - Level 4.0 Ranged Weapons
 + Level 0.7 Armour
 - Level 2.1 Dodging
 - Level 1.0 Spellcasting
 - Level 2.0 Hexes


You had 3 spell levels left.
You knew the following spells:

 Your Spells              Type           Power      Damage    Failure   Level
a - Slow                  Hex            16%        N/A       34%         1

Your spell library contained the following spells:

 Spells                   Type           Power      Damage    Failure   Level
 Inner Flame              Hex/Fire       2%         N/A       83%         3
 Portal Projectile        Hex/Tloc       4%         N/A       83%         3
 Cause Fear               Hex            2%         N/A       98%         4

Inventory:

Hand Weapons
 Y - a +1 sling (weapon)
Armour
 h - a +0 ring mail (worn)
 i - a +0 pair of boots (worn)
Jewellery
 d - a ring of resist corrosion (left hand)
Scrolls
 f - a scroll of teleportation
Potions
 a - 2 potions of magic {unknown}
 g - a potion of haste
 k - a potion of attraction {unknown}
 l - a potion of degeneration {unknown}
 n - 3 potions of curing {unknown}

Dungeon Overview and Level Annotations

Branches:
Dungeon (2/15)

Altars:

Annotations:
D:2 Natasha


Message History

The sling bullet hits Natasha.
Natasha is moderately wounded.
The cerulean imp hits you from afar with a +4 spear. x2
You shoot a sling bullet.
The sling bullet closely misses the cerulean imp.
Natasha barely misses you. You furiously retaliate!
You headbutt Natasha!
The cerulean imp hits you from afar with a +4 spear.
You shoot a sling bullet.
The sling bullet hits Natasha but does no damage.
Natasha is almost dead.
Natasha claws you.
The cerulean imp hits you from afar with a +4 spear.
You shoot a sling bullet. The sling bullet barely misses Natasha.
The sling bullet hits the cerulean imp.
The cerulean imp is severely wounded.
Natasha barely misses you.
The cerulean imp hits you from afar with a +4 spear.
Natasha howls an incantation.
You feel troubled. Natasha claws you but does no damage.
The cerulean imp hits you but does no damage.
You shoot a sling bullet.
The sling bullet hits Natasha but does no damage.
Natasha is severely wounded.
Natasha casts a spell.
The cerulean imp closely misses you.
You shoot a sling bullet.
The sling bullet closely misses Natasha.
The sling bullet hits the cerulean imp but does no damage.
The cerulean imp is severely wounded.
Natasha casts a spell at you.
You feel yourself slow down.
The cerulean imp hits you from afar with a +4 spear.
The cerulean imp hits you with a +2 spear.
1283 ||| READING 2 scrolls of teleportation.
As you read the scroll of teleportation, it crumbles to dust.
You feel strangely unstable. Natasha claws you. The cerulean imp misses you.
The cerulean imp hits you with a +2 spear.
You die...

###.####.#.# #.#
####.####.#.# #.#
#.........#.#
..####.....#####..
#..#......># #.... ## ##
#..#.#.....# #.### # .##
##. ## #5.#.#.....# #.#
.##.####.##.####h.#.#######
#.# ....#.#.....#.#.@5#.#
#.# .....#.#.....#.#..#.##
#.#
.....#.#.....#.###...####
#.# ....#.#%....#
#....#....# #.#
#..######..##
##.....#..#####.# .##.#
#.##.# ###..###.......#
#..## ##..##
#.....#..#######
.##.####.##.######..#.#.#
###.....##...##.....###.#


You could see Natasha and 2 cerulean imps.

Vanquished Creatures
  A dart slug (D:2)
  3 ball pythons (D:1)
  3 endoplasms
  A giant cockroach (D:1)
  7 hobgoblins
  8 jackals
  2 kobolds (D:1)
  2 quokkas (D:2)
  3 bats (D:1)
  2 frilled lizards (D:1)
  4 goblins (D:1)
  3 rats
39 creatures vanquished.

Notes
Turn   | Place    | Note
-------+----------+-------------------------------------------
     0 | D:1      | qw the Minotaur Hexslinger began the quest for the Orb.
     0 | D:1      | Reached XP level 1. HP: 16/16 MP: 1/1
     0 | D:1      | 0 ||| qw: Version: 0.3-a-52-g30416fa
     0 | D:1      | 0 ||| qw: Game counter: 4567
     0 | D:1      | 0 ||| qw: Melee chars always use a shield: true
     0 | D:1      | 0 ||| qw: God list: Okawaru
     0 | D:1      | 0 ||| qw: Allow faded altars: false
     0 | D:1      | 0 ||| qw: Do Orc after clearing Dungeon:15 true
     0 | D:1      | 0 ||| qw: Do second Lair branch before Depths: true
     0 | D:1      | 0 ||| qw: Lair rune preference: random
     0 | D:1      | 0 ||| qw: Goals: Normal
     0 | D:1      | 0 ||| PLANNING D:1-11
   177 | D:1      | Reached skill level 3 in Ranged Weapons
   177 | D:1      | Reached XP level 2. HP: 23/23 MP: 2/2
   671 | D:1      | Reached XP level 3. HP: 18/29 MP: 3/3
  1049 | D:1      | 1049 ||| UPGRADING to +0 ring mail.
  1059 | D:1      | 1059 ||| DROPPING +0 robe.
  1060 | D:1      | 1060 ||| UPGRADING to +0 pair of boots.
  1065 | D:1      | 1065 ||| UPGRADING to ring of resist corrosion.
  1066 | D:1      | 1066 ||| READING scroll labelled XEED LEAMESEFU.
  1067 | D:1      | 1067 ||| READING 2 scrolls labelled ZIRIQIC IGO.
  1072 | D:1      | 1072 ||| READING scroll labelled MOLOTO POSIG.
  1073 | D:1      | 1073 ||| READING scroll labelled XOQOJA QONOBB.
  1074 | D:1      | 1074 ||| DRINKING 2 viscous orange potions.
  1075 | D:1      | 1075 ||| DROPPING scroll of poison.
  1177 | D:2      | Reached skill level 4 in Ranged Weapons
  1273 | D:2      | Noticed Natasha
  1282 | D:2      | HP: 7/29 [cerulean imp/+2 spear[Natasha] (2)]
  1283 | D:2      | 1283 ||| READING 2 scrolls of teleportation.
  1283 | D:2      | Slain by a cerulean imp

Levels and vault maps discovered:
D:1:      dpeg_arrival_morbid_curiosity, layout_basic, minmay_split_cup_small
D:2:      layout_loops_cross, nicolae_houndstooth_variations, uniq_natasha

Skill      XL: |  1  2  3 |
---------------+----------+-----
Ranged Weapons | 3 4 |  4.0
Fighting       | 2 |  2.0
Armour         | |  0.7
Dodging        | |  2.1
Spellcasting   | |  1.0
Hexes          | |  2.0

Action                     || total
---------------------------++-------
   Fire: Sling             ||   122
    Use: Scroll            ||     5
         Potion            ||     1
 Armour: Robe              ||    14
         Ring mail         ||    10
  Dodge: Dodged            ||    66

Table legend:
 A = Non-vault XP
 B = Vault XP
 C = Vault XP percentage of total XP
 D = Non-vault monster count
 E = Vault monster count
 F = Vault count percentage of total count
                 A         B        C        D         E       F
            +---------+---------+-------+---------+---------+-------
      Total |      57 |      14 |  19.7 |      31 |       8 |  20.5
            +---------+---------+-------+---------+---------+-------
        D:1 |      34 |      14 |  29.2 |      20 |       8 |  28.6
        D:2 |      23 |       0 |   0.0 |      11 |       0 |   0.0
            +---------+---------+-------+---------+---------+-------
